[Event "January 2 Early 2024"]
[Site "https://www.chess.com"]
[Date "2024.01.02"]
[Round "2"]
[White "Tagliati, Eleonore"]
[Black "Reprintsev, Alexander"]
[Result "0-1"]
[Board "232"]
[TimeControl "180+1"]
[WhiteFideId "45172234"]
[BlackFideId "14100541"]
[WhiteElo "2169"]
[BlackElo "2457"]
[WhiteTeam "FRA"]
[BlackTeam "UKR"]
[WhiteClock "0:01:33"]
[BlackClock "0:01:55"]

1. e4 d5 2. exd5 Qxd5 3. Nc3 Qa5 4. d4 Nf6 5. Nf3 Nc6 6. Bb5 Ne4 7. Bd2 Nxc3 8. Bxc6+ bxc6 9. Bxc3 Qd5 10. h3 Ba6 11. Qd2 e6 12. Qg5 Qe4+ 13. Qe3 Qxc2 14. Ne5 Bd6 15. Nxc6 O-O 16. Rc1 Qa4 17. Ne5 Qxa2 18. f3 f6 19. Nd7 Bg3+ 20. Kd2 e5 21. Nc5 Bf4 0-1

[Event "January 2 Early 2024"]
[Site "https://www.chess.com"]
[Date "2024.01.02"]
[Round "2"]
[White "Nemec, Jachym"]
[Black "Guzman Lozano, Campo Elias"]
[Result "0-1"]
[Board "233"]
[TimeControl "180+1"]
[WhiteFideId "23716525"]
[BlackFideId "4403746"]
[WhiteElo "2456"]
[BlackElo "2169"]
[WhiteTeam "CZE"]
[BlackTeam "COL"]
[WhiteClock "0:01:00"]
[BlackClock "0:00:45"]

1. b3 e5 2. Bb2 Nc6 3. e3 Nf6 4. d4 exd4 5. exd4 Bb4+ 6. c3 Be7 7. d5 Ne5 8. c4 d6 9. Be2 O-O 10. Nd2 Bf5 11. Ndf3 Nxf3+ 12. Nxf3 Re8 13. O-O Nd7 14. Nd4 Bg6 15. Bd3 Bf6 16. Bxg6 hxg6 17. Qc2 Ne5 18. Rae1 Qd7 19. f4 Ng4 20. Qd2 Bh4 21. g3 Bf6 22. h3 Nh6 23. g4 Nxg4 24. hxg4 Qxg4+ 25. Qg2 Qh4 26. Nf3 Qxf4 27. Bxf6 Rxe1 28. Nxe1 Qe3+ 29. Qf2 Qxf2+ 30. Rxf2 gxf6 31. Rxf6 Kg7 32. Rf2 a5 33. Nc2 a4 34. b4 Re8 35. Nd4 Re3 36. Nb5 Re4 37. Rc2 Re7 38. Nc3 a3 39. Nb5 c6 40. dxc6 bxc6 41. Nxd6 Kf6 42. c5 Re1+ 43. Kf2 Rb1 44. Nc4 Rxb4 45. Nxa3 Ke5 46. Nc4+ Kd4 47. Nb6 Kd3 48. Re2 f5 49. a4 Rb3 50. Ra2 Ke4 51. a5 Rh3 52. a6 Rh2+ 0-1

[Event "January 2 Early 2024"]
[Site "https://www.chess.com"]
[Date "2024.01.02"]
[Round "2"]
[White "Viana, Valeria"]
[Black "Gruzman, Ilya"]
[Result "0-1"]
[Board "234"]
[TimeControl "180+1"]
[WhiteFideId "8407100"]
[BlackFideId "2812703"]
[WhiteElo "2165"]
[BlackElo "2454"]
[WhiteTeam "HON"]
[BlackTeam "ISR"]
[WhiteClock "0:00:38"]
[BlackClock "0:00:14"]

1. e4 c5 2. Nf3 e6 3. d4 cxd4 4. Nxd4 Nf6 5. Bd3 Nc6 6. Nxc6 bxc6 7. O-O d5 8. exd5 exd5 9. Re1+ Be6 10. Bg5 Bd6 11. c4 O-O 12. cxd5 cxd5 13. Nc3 h6 14. Bh4 g5 15. Bg3 Bxg3 16. hxg3 Rc8 17. Qd2 Qd6 18. a3 Rfd8 19. Rad1 d4 20. Ne4 Nxe4 21. Bxe4 Rd7 22. Bd3 Rcd8 23. Qe2 Rc7 24. Qh5 Kg7 25. Qf3 Bd5 26. Qg4 Qf6 27. Qf5 Qxf5 28. Bxf5 Bb3 29. Rd3 Bc2 30. Rf3 Bxf5 31. Rxf5 d3 32. Rd1 Rc2 33. Kf1 Rxb2 34. Rf3 d2 35. Rc3 a5 36. Ke2 Re8+ 37. Kf1 Rd8 38. Ke2 a4 39. Rc4 Rb7 40. Rxa4 Re7+ 41. Kf1 Rde8 42. f4 Re1+ 43. Kf2 Rxd1 44. Rd4 Ree1 45. fxg5 hxg5 46. g4 Rf1+ 47. Ke2 Rde1+ 48. Kxd2 Rd1+ 49. Kc3 Rxd4 50. Kxd4 Ra1 0-1

[Event "January 2 Early 2024"]
[Site "https://www.chess.com"]
[Date "2024.01.02"]
[Round "2"]
[White "Luong Phuong Hanh"]
[Black "Dargan, Paul A G"]
[Result "0-1"]
[Board "235"]
[TimeControl "180+1"]
[WhiteFideId "12401013"]
[BlackFideId "416762"]
[WhiteElo "2452"]
[BlackElo "2161"]
[WhiteTeam "VIE"]
[BlackTeam "ENG"]
[WhiteClock "0:00:12"]
[BlackClock "0:00:20"]

1. d4 Nf6 2. Nf3 d5 3. c4 e6 4. g3 Be7 5. Bg2 O-O 6. O-O dxc4 7. a4 a6 8. Ne5 Nc6 9. Nxc6 bxc6 10. Bxc6 Rb8 11. Nc3 Nd5 12. e4 Nb4 13. d5 exd5 14. Bxd5 Bh3 15. Re1 Nd3 16. Re3 Bc5 17. Rf3 Bg4 18. Be3 Bxe3 19. fxe3 Ne5 20. Rxf7 Rxf7 21. Bxf7+ Kxf7 22. Qf1+ Kg8 23. Qf4 Nf3+ 24. Kf2 Qd2+ 25. Ne2 Rf8 26. Qxg4 Ne5+ 27. Qf4 Nd3+ 28. Kf3 Nxf4 29. gxf4 h6 30. Nd4 Qxb2 31. Rg1 c3 32. Ne6 Rf7 33. Nd8 Rd7 34. Nc6 Qxh2 35. Ne5 Qxg1 0-1

[Event "January 2 Early 2024"]
[Site "https://www.chess.com"]
[Date "2024.01.02"]
[Round "2"]
[White "Chyngyz, Sultai"]
[Black "Biriukov, Ilja"]
[Result "0-1"]
[Board "236"]
[TimeControl "180+1"]
[WhiteFideId "13803158"]
[BlackFideId "4113373"]
[WhiteElo "2451"]
[BlackElo "2158"]
[WhiteTeam "KGZ"]
[BlackTeam "RUS"]
[WhiteClock "0:01:45"]
[BlackClock "0:00:56"]

1. e4 e6 2. d4 d5 3. exd5 exd5 4. Nf3 Bg4 5. Be2 Bd6 6. O-O Ne7 7. h3 Bh5 8. Be3 Nbc6 9. Nbd2 f6 10. c3 Qd7 11. Qc2 g5 12. c4 O-O-O 13. cxd5 Nxd5 14. Bd3 Bg6 15. a3 Nf4 16. Bxf4 Bxf4 17. Rac1 g4 18. hxg4 Qxg4 19. Ne4 Rhg8 20. Nxf6 Qxf3 21. Nxg8 Bxd3 22. Qc5 Rxg8 23. g3 Be4 24. Kh2 0-1

[Event "January 2 Early 2024"]
[Site "https://www.chess.com"]
[Date "2024.01.02"]
[Round "2"]
[White "Petersson, Kjell"]
[Black "Kostic, Vladimir V"]
[Result "0-1"]
[Board "237"]
[TimeControl "180+1"]
[WhiteFideId "1705148"]
[BlackFideId "903620"]
[WhiteElo "2158"]
[BlackElo "2450"]
[WhiteTeam "SWE"]
[BlackTeam "SRB"]
[WhiteClock "0:00:30"]
[BlackClock "0:00:45"]

1. d4 d5 2. Bf4 Nf6 3. e3 c5 4. Nd2 Nc6 5. c3 Qb6 6. Qb3 c4 7. Qc2 Bg4 8. f3 Bh5 9. e4 e6 10. Ne2 Bg6 11. Ng3 Be7 12. Be2 O-O 13. O-O e5 14. Be3 exd4 15. cxd4 Nxd4 16. Qc3 Bc5 17. Bf2 Nh5 18. Bxc4 dxc4 19. Nxc4 Nxg3 20. hxg3 Ne2+ 21. Kh1 Nxc3 22. Nxb6 Bxb6 23. bxc3 f5 24. e5 Bf7 25. Bd4 Rfd8 26. Rfd1 Be6 27. f4 Kf8 28. a4 Bxd4 29. cxd4 Bd5 30. Rab1 Rac8 31. Kh2 Rc2 32. Rg1 Rdc8 33. Kh3 R8c6 34. g4 R2c3+ 0-1

[Event "January 2 Early 2024"]
[Site "https://www.chess.com"]
[Date "2024.01.02"]
[Round "2"]
[White "Chandra, Vania Vindy"]
[Black "Gatterer, Florian"]
[Result "0-1"]
[Board "238"]
[TimeControl "180+1"]
[WhiteFideId "7103441"]
[BlackFideId "811688"]
[WhiteElo "2153"]
[BlackElo "2448"]
[WhiteTeam "INA"]
[BlackTeam "ITA"]
[WhiteClock "0:00:00"]
[BlackClock "0:00:12"]

1. d4 Nf6 2. c4 g6 3. Nc3 d5 4. cxd5 Nxd5 5. e4 Nxc3 6. bxc3 Bg7 7. Be3 c5 8. Bb5+ Bd7 9. Bxd7+ Qxd7 10. Ne2 cxd4 11. cxd4 O-O 12. O-O e6 13. Rb1 Nc6 14. d5 exd5 15. exd5 Ne5 16. Qb3 b6 17. Rfd1 Rfe8 18. Nf4 Ng4 19. Bd4 Bxd4 20. Rxd4 Qe7 21. Rdd1 Qg5 22. Qg3 Qf5 23. h3 Nf6 24. Qf3 Rad8 25. d6 Re4 26. g3 g5 27. a4 gxf4 28. g4 Qe6 29. g5 Nd7 30. Rb5 Nc5 31. a5 Rxd6 32. Rxd6 Qxd6 33. axb6 axb6 34. Kh2 Qe6 35. Rb2 Qf5 36. Rb1 Re3 37. fxe3 Qxb1 38. exf4 Qc2+ 39. Kg1 Qd3 40. Qg4 Qe3+ 41. Kh1 Ne4 0-1

[Event "January 2 Early 2024"]
[Site "https://www.chess.com"]
[Date "2024.01.02"]
[Round "2"]
[White "Mohammadi, Melika"]
[Black "Mende, Andreas"]
[Result "1-0"]
[Board "239"]
[TimeControl "180+1"]
[WhiteFideId "42529271"]
[BlackFideId "4631102"]
[WhiteElo "2446"]
[BlackElo "2150"]
[WhiteTeam "IRI"]
[BlackTeam "GER"]
[WhiteClock "0:00:07"]
[BlackClock "0:00:51"]

1. e4 c5 2. Nf3 Nc6 3. d4 cxd4 4. Nxd4 Nf6 5. Nc3 e5 6. Ndb5 d6 7. Nd5 Nxd5 8. exd5 Nb8 9. a4 Be7 10. Be2 O-O 11. Bd2 a6 12. Na3 f5 13. Nc4 Nd7 14. Bb4 Nc5 15. Bxc5 dxc5 16. d6 Bf6 17. Qd5+ Kh8 18. O-O Rb8 19. Qxc5 Bd7 20. Nb6 Bc6 21. Rad1 e4 22. b4 f4 23. f3 e3 24. b5 axb5 25. axb5 Bd7 26. Qc7 Be6 27. Nd5 Bxd5 28. Rxd5 Rc8 29. Qxd8 Rfxd8 30. c4 b6 31. Rfd1 Rc5 32. Rxc5 bxc5 33. d7 Kg8 34. b6 Bd4 35. b7 Kf7 36. Rb1 Be5 37. Rb5 Ke6 38. Rxc5 Rxd7 39. Rxe5+ Kxe5 40. b8=Q+ Ke6 41. Qxf4 Rf7 42. Qxe3+ Kd7 43. Bd3 Re7 44. Qd4+ Ke8 45. c5 Rd7 46. Bb5 Kf8 47. Qxd7 1-0

[Event "January 2 Early 2024"]
[Site "https://www.chess.com"]
[Date "2024.01.02"]
[Round "2"]
[White "Hartikainen, Jarmo"]
[Black "Viana Junior, Carlos Alberto"]
[Result "0-1"]
[Board "240"]
[TimeControl "180+1"]
[WhiteFideId "503134"]
[BlackFideId "2178117"]
[WhiteElo "2143"]
[BlackElo "2439"]
[WhiteTeam "FIN"]
[BlackTeam "BRA"]
[WhiteClock "0:00:05"]
[BlackClock "0:01:53"]

1. e4 e6 2. d4 d5 3. Nd2 c5 4. Ngf3 cxd4 5. exd5 Qxd5 6. Bc4 Qd6 7. O-O Nf6 8. Nb3 Nc6 9. Nbxd4 Nxd4 10. Qxd4 Qxd4 11. Nxd4 Bc5 12. Nb5 O-O 13. Bf4 a6 14. Nd6 b5 15. Bd3 Bd7 16. Ne4 Bb6 17. Nxf6+ gxf6 18. Be4 Rac8 19. c3 f5 20. Bf3 f6 21. Rad1 Rfd8 22. Bh6 Bc6 23. Bxc6 Rxc6 24. Rxd8+ Bxd8 25. Rd1 Be7 26. Rd7 Rd6 27. Rxd6 Bxd6 28. Be3 Kf7 29. h3 f4 30. Bb6 e5 31. f3 Ke6 32. Kf1 Kd5 33. Ke2 f5 34. Bf2 Bc5 35. Bxc5 Kxc5 36. b3 h5 37. h4 e4 38. fxe4 fxe4 39. g3 fxg3 40. Ke3 Kd5 41. a4 bxa4 42. bxa4 Kc4 43. Kxe4 g2 0-1

[Event "January 2 Early 2024"]
[Site "https://www.chess.com"]
[Date "2024.01.02"]
[Round "2"]
[White "Kukreja Sankalp"]
[Black "Jing, Andrew"]
[Result "0-1"]
[Board "241"]
[TimeControl "180+1"]
[WhiteFideId "45027676"]
[BlackFideId "30984076"]
[WhiteElo "2439"]
[BlackElo "2137"]
[WhiteTeam "IND"]
[BlackTeam "USA"]
[WhiteClock "0:00:00"]
[BlackClock "0:00:42"]

1. e4 e6 2. d4 d5 3. Nc3 Bb4 4. Ne2 dxe4 5. a3 Bxc3+ 6. Nxc3 Nf6 7. Bg5 O-O 8. Nxe4 Nbd7 9. Bd3 h6 10. Bh4 g5 11. Bg3 Nxe4 12. Bxe4 f5 13. Qh5 fxe4 14. Qg6+ Kh8 15. Qxh6+ Kg8 16. Qg6+ Kh8 17. h4 g4 18. Qh6+ Kg8 19. Qg6+ Kh8 20. Qh5+ Kg7 21. Qxg4+ Kf7 22. h5 Rg8 23. Qxe4 Nf6 24. Qf4 Rg4 25. Qh6 Qxd4 0-1

[Event "January 2 Early 2024"]
[Site "https://www.chess.com"]
[Date "2024.01.02"]
[Round "2"]
[White "Goldin, Roman"]
[Black "KSho99"]
[Result "1-0"]
[Board "242"]
[TimeControl "180+1"]
[WhiteFideId "2803860"]
[WhiteElo "2437"]
[BlackElo "2136"]
[WhiteTeam "ISR"]
[WhiteClock "0:00:06"]
[BlackClock "0:00:00"]

1. e4 e6 2. d4 d5 3. Nd2 Be7 4. Ngf3 Nf6 5. Bd3 c5 6. dxc5 dxe4 7. Nxe4 Nxe4 8. Bxe4 Qxd1+ 9. Kxd1 Bxc5 10. Ke2 Nc6 11. c3 Bd7 12. Bf4 f6 13. Rhd1 e5 14. Be3 Bxe3 15. fxe3 O-O-O 16. b4 Ne7 17. a4 Be6 18. Bd3 Nd5 19. Rdc1 g6 20. Rab1 Nb6 21. c4 Nxa4 22. c5 Kb8 23. e4 a6 24. Nd2 Rd7 25. Bc4 Bg4+ 26. Nf3 Rhd8 27. Bd5 1-0

[Event "January 2 Early 2024"]
[Site "https://www.chess.com"]
[Date "2024.01.02"]
[Round "2"]
[White "hoshiboshi"]
[Black "Jovic, Stanoje"]
[Result "0-1"]
[Board "243"]
[TimeControl "180+1"]
[BlackFideId "905020"]
[WhiteElo "2133"]
[BlackElo "2434"]
[BlackTeam "SRB"]
[WhiteClock "0:00:09"]
[BlackClock "0:00:54"]

1. e4 c6 2. d4 d5 3. e5 c5 4. Nf3 cxd4 5. Nxd4 Nc6 6. c4 dxc4 7. Nxc6 Qxd1+ 8. Kxd1 bxc6 9. Bxc4 Bf5 10. Nc3 e6 11. Ke2 Bc5 12. Be3 Bb6 13. Na4 Bc7 14. f4 Ne7 15. Rac1 Be4 16. Rhd1 g5 17. g3 gxf4 18. gxf4 Rg8 19. Rg1 Rg6 20. Ba6 Rb8 21. Rxg6 hxg6 22. b3 Nd5 23. Bc4 Bb6 24. Bxd5 Bxd5 25. Bc5 Kd7 26. Kf2 Kc7 27. Kg3 Rh8 28. Be7 Re8 29. Bd6+ Kb7 30. h4 Rc8 31. Kg4 Rh8 32. Rc2 Be4 33. Rh2 Bf5+ 34. Kg5 Bd8+ 0-1

[Event "January 2 Early 2024"]
[Site "https://www.chess.com"]
[Date "2024.01.02"]
[Round "2"]
[White "Gabdushev, Ruslan"]
[Black "th3d4rkness"]
[Result "1-0"]
[Board "244"]
[TimeControl "180+1"]
[WhiteFideId "4137833"]
[WhiteElo "2433"]
[BlackElo "2122"]
[WhiteTeam "RUS"]
[WhiteClock "0:00:27"]
[BlackClock "0:00:00"]

1. b3 d5 2. Bb2 Nf6 3. e3 Bf5 4. f4 e6 5. Nf3 h6 6. Bd3 Nbd7 7. Bxf5 exf5 8. O-O g6 9. c4 c6 10. cxd5 cxd5 11. Nc3 Nb6 12. a4 Bg7 13. a5 Nc8 14. Qe2 O-O 15. a6 b6 16. Nb5 Ne4 17. Bxg7 Kxg7 18. Qd3 Ne7 19. Qd4+ f6 20. Rfc1 Qd7 21. Qd3 Rfc8 22. Nfd4 Rc5 23. b4 Rxc1+ 24. Rxc1 Rc8 25. Ra1 Rc4 26. Rb1 h5 27. h3 h4 28. Qe2 Nd6 29. Nxd6 Qxd6 30. b5 Kf7 31. d3 Rc3 32. Qe1 Qc5 33. Qxh4 Rc1+ 34. Rxc1 Qxc1+ 35. Kf2 1-0

[Event "January 2 Early 2024"]
[Site "https://www.chess.com"]
[Date "2024.01.02"]
[Round "2"]
[White "Latreche, Khadidja"]
[Black "Bashirli, Saadat"]
[Result "0-1"]
[Board "245"]
[TimeControl "180+1"]
[WhiteFideId "7901780"]
[BlackFideId "13429990"]
[WhiteElo "2115"]
[BlackElo "2430"]
[WhiteTeam "ALG"]
[BlackTeam "AZE"]
[WhiteClock "0:00:06"]
[BlackClock "0:00:21"]

1. e4 c6 2. d4 d5 3. Nc3 dxe4 4. Nxe4 Nf6 5. Nxf6+ exf6 6. Nf3 Bd6 7. h3 Bf5 8. Bd3 Bxd3 9. Qxd3 O-O 10. O-O Nd7 11. c3 Qc7 12. Be3 Rfe8 13. Rad1 Nb6 14. c4 Bf4 15. Rfe1 Rad8 16. b3 g6 17. Nd2 Kg7 18. Ne4 Bxe3 19. fxe3 Qe7 20. Ng3 Qd6 21. Ne4 Qe7 22. Ng3 Nc8 23. e4 Nd6 24. e5 fxe5 25. Rxe5 Qc7 26. Rde1 f6 27. Rxe8 Rxe8 28. Rxe8 Nxe8 29. Qe3 Kf7 30. Kf2 Ng7 31. Ne2 Nf5 32. Qe4 Qd6 33. c5 Qd7 34. g4 Ne7 35. Nf4 f5 36. gxf5 Nxf5 37. Ne2 Qc7 38. Nf4 Qd7 39. Ne2 Qd8 40. Nf4 Qxd4+ 41. Qxd4 Nxd4 42. Ke3 Ne6 43. Nd3 Kf6 44. Kf3 Ng5+ 45. Kg4 h5+ 46. Kh4 Ne6 47. Kg3 g5 48. b4 Kf5 49. a4 a6 50. h4 g4 51. Kf2 Ke4 52. Nb2 Kd4 53. Ke2 Nf4+ 54. Kf2 Nd3+ 55. Nxd3 Kxd3 0-1

[Event "January 2 Early 2024"]
[Site "https://www.chess.com"]
[Date "2024.01.02"]
[Round "2"]
[White "Subramanian, Anusha"]
[Black "Bagrationi, Alexander"]
[Result "0-1"]
[Board "246"]
[TimeControl "180+1"]
[WhiteFideId "477710"]
[BlackFideId "14104954"]
[WhiteElo "2112"]
[BlackElo "2427"]
[WhiteTeam "ENG"]
[BlackTeam "ISR"]
[WhiteClock "0:00:04"]
[BlackClock "0:01:18"]

1. d4 d6 2. e4 Nf6 3. Nc3 e5 4. Nf3 exd4 5. Nxd4 Be7 6. Bd3 O-O 7. O-O a6 8. f4 Nbd7 9. h3 Re8 10. Qf3 Bf8 11. g4 g6 12. f5 Ne5 13. Qg3 Nxd3 14. cxd3 c5 15. Nf3 c4 16. Bg5 cxd3 17. Nd2 Bg7 18. fxg6 fxg6 19. Nd5 Rf8 20. Rf3 Be6 21. Nxf6+ Bxf6 22. Bxf6 Rxf6 23. Rxf6 Qxf6 24. Qxd6 Rd8 25. Qg3 Qxb2 26. Rd1 Bxa2 27. Qc7 Qd4+ 28. Kg2 Rd7 29. Qb8+ Kg7 30. Rf1 Rf7 31. Nf3 Qxe4 32. Qd8 Bd5 33. Qg5 Rxf3 34. Rxf3 Qxf3+ 35. Kg1 Qg2# 0-1

[Event "January 2 Early 2024"]
[Site "https://www.chess.com"]
[Date "2024.01.02"]
[Round "2"]
[White "Bolat, Inayat"]
[Black "Novikova, Margarita"]
[Result "1-0"]
[Board "247"]
[TimeControl "180+1"]
[WhiteFideId "13733125"]
[BlackFideId "14109689"]
[WhiteElo "2423"]
[BlackElo "2111"]
[WhiteTeam "KAZ"]
[BlackTeam "GER"]
[WhiteClock "0:02:43"]
[BlackClock "0:01:59"]

1. e4 d5 2. exd5 Qxd5 3. Nc3 Qd6 4. d4 Nf6 5. Nf3 a6 6. Be3 Bg4 7. h3 Bh5 8. g4 Bg6 9. Ne5 Nbd7 10. Nc4 Qe6 11. d5 Qe5 12. f4 1-0

[Event "January 2 Early 2024"]
[Site "https://www.chess.com"]
[Date "2024.01.02"]
[Round "2"]
[White "Gopal, K.N."]
[Black "Vallejo Diaz, Javier"]
[Result "0-1"]
[Board "248"]
[TimeControl "180+1"]
[WhiteFideId "5001447"]
[BlackFideId "2256398"]
[WhiteElo "2110"]
[BlackElo "2423"]
[WhiteTeam "IND"]
[BlackTeam "ESP"]
[WhiteClock "0:00:01"]
[BlackClock "0:00:07"]

1. e4 Nf6 2. e5 Nd5 3. d4 d6 4. exd6 cxd6 5. Nf3 g6 6. Be2 Bg7 7. c3 O-O 8. O-O Nc6 9. Na3 h6 10. h3 e5 11. c4 Ndb4 12. d5 Ne7 13. Nb5 Na6 14. a3 Nc5 15. b4 Ne4 16. Bb2 Bd7 17. Nc3 f5 18. Nd2 Nxc3 19. Bxc3 Rc8 20. Qb3 Kh7 21. Rac1 g5 22. c5 dxc5 23. bxc5 Rxc5 24. Qxb7 Nxd5 25. Qxa7 Rxc3 26. Nf3 e4 27. Nd4 Rf7 28. Nb5 Rxc1 29. Rxc1 Be8 30. Qc5 Nf4 31. Bc4 Nd3 32. Bxd3 exd3 33. Rd1 d2 34. a4 Bxb5 35. axb5 Re7 36. Qxf5+ Kh8 37. Kh2 Re1 38. Qc2 Qb8+ 39. g3 Qxb5 40. Rxd2 Re8 41. Qg6 Qe5 42. Rd7 Rf8 43. Kg1 Qe1+ 44. Kg2 Rxf2# 0-1

[Event "January 2 Early 2024"]
[Site "https://www.chess.com"]
[Date "2024.01.02"]
[Round "2"]
[White "Dahlgren, James Allen"]
[Black "Omariev, Maksim"]
[Result "0-1"]
[Board "249"]
[TimeControl "180+1"]
[WhiteFideId "22256873"]
[BlackFideId "4193423"]
[WhiteElo "2109"]
[BlackElo "2422"]
[WhiteTeam "ESP"]
[BlackTeam "RUS"]
[WhiteClock "0:00:08"]
[BlackClock "0:00:03"]

1. d3 d5 2. f4 c5 3. Nf3 Nf6 4. Nbd2 Bf5 5. h3 h6 6. g4 Bh7 7. Bg2 Nc6 8. O-O e6 9. c3 Bd6 10. e3 Qc7 11. Qe2 O-O-O 12. a3 g5 13. fxg5 hxg5 14. Nxg5 Be5 15. d4 Bh2+ 16. Kh1 Ne4 17. Ndxe4 Bxe4 18. Nxe4 dxe4 19. b4 cxb4 20. axb4 Kb8 21. b5 Na5 22. Rxa5 Qxa5 23. Kxh2 Qxc3 24. Bd2 Qc7+ 25. Kg1 Rdf8 26. Rc1 Qd6 27. Qe1 Rfg8 28. Bb4 Qd7 29. Qg3+ Ka8 30. b6 f5 31. g5 Qb5 32. Bc5 a6 33. h4 Qe2 34. Qf2 Qg4 35. Qf4 Rxh4 36. Qxg4 Rxg4 37. Be7 Rg3 38. Kf2 Rg4 39. Bh3 Rh4 40. Kg3 Rh7 41. Bg2 Rxe7 42. Kf4 Reg7 43. Ke5 Rxg5 44. Kxe6 Rxg2 0-1

[Event "January 2 Early 2024"]
[Site "https://www.chess.com"]
[Date "2024.01.02"]
[Round "2"]
[White "Tilahun , Abel Mathewos"]
[Black "Sztokbant, Bernardo Vainzoff"]
[Result "0-1"]
[Board "250"]
[TimeControl "180+1"]
[WhiteFideId "15702391"]
[BlackFideId "2115956"]
[WhiteElo "2070"]
[BlackElo "2419"]
[WhiteTeam "ETH"]
[BlackTeam "BRA"]
[WhiteClock "0:00:00"]
[BlackClock "0:00:18"]

1. d4 d6 2. c4 Nf6 3. Nc3 g6 4. e4 Bg7 5. f3 O-O 6. Be3 c5 7. Nge2 cxd4 8. Nxd4 Nc6 9. Qd2 Be6 10. O-O-O Rc8 11. b3 Nd7 12. Kb1 Nc5 13. h4 h5 14. g4 hxg4 15. h5 Qd7 16. hxg6 fxg6 17. Nxc6 Rxc6 18. Bh6 Rf7 19. Qh2 Bxc3 20. e5 Bf5+ 21. Bd3 Nxd3 22. Rxd3 Bxd3+ 23. Kc1 Rh7 24. Qf4 Qf5 25. Qg3 Qxf3 0-1

[Event "January 2 Early 2024"]
[Site "https://www.chess.com"]
[Date "2024.01.02"]
[Round "2"]
[White "Rees, Ioan"]
[Black "Nikulina, Alena"]
[Result "1-0"]
[Board "251"]
[TimeControl "180+1"]
[WhiteFideId "1801236"]
[BlackFideId "4172051"]
[WhiteElo "2419"]
[BlackElo "2069"]
[WhiteTeam "WLS"]
[BlackTeam "RUS"]
[WhiteClock "0:01:16"]
[BlackClock "0:00:19"]

1. e4 c5 2. c3 e6 3. d4 d5 4. e5 Nc6 5. Nf3 Qb6 6. Be2 cxd4 7. cxd4 Bd7 8. O-O Nge7 9. Na3 Nf5 10. Nc2 Be7 11. a3 f6 12. b4 O-O 13. Rb1 Rac8 14. Re1 fxe5 15. dxe5 Bh4 16. g3 Nxg3 17. hxg3 Bxg3 18. Be3 d4 19. Ncxd4 Nxd4 20. Bxd4 Bxf2+ 21. Bxf2 Qd8 22. Qd4 Qe7 23. Rbd1 Bc6 24. Qg4 Rf5 25. Bh4 Qf7 26. Ng5 Qg6 27. Nxe6 Qxe6 28. Bc4 Qxc4 29. Qxc4+ 1-0

[Event "January 2 Early 2024"]
[Site "https://www.chess.com"]
[Date "2024.01.02"]
[Round "2"]
[White "Mayaud, Raphael"]
[Black "Brandao, Marcius Gomes"]
[Result "1-0"]
[Board "252"]
[TimeControl "180+1"]
[WhiteFideId "627151"]
[BlackFideId "2124980"]
[WhiteElo "2419"]
[BlackElo "2061"]
[WhiteTeam "FRA"]
[BlackTeam "BRA"]
[WhiteClock "0:01:46"]
[BlackClock "0:00:30"]

1. d4 d5 2. Nf3 Nf6 3. c4 e6 4. g3 Be7 5. Bg2 O-O 6. O-O c6 7. Qc2 Nbd7 8. Rd1 b6 9. b3 Ba6 10. Bb2 Rc8 11. Nbd2 h6 12. e4 Qc7 13. Rac1 dxe4 14. Nxe4 Nxe4 15. Qxe4 c5 16. d5 Bb7 17. Qe2 e5 18. Nxe5 Nxe5 19. Qxe5 Bd6 20. Qxg7# 1-0

[Event "January 2 Early 2024"]
[Site "https://www.chess.com"]
[Date "2024.01.02"]
[Round "2"]
[White "Alivodic, Dario"]
[Black "Quirke, Jeffrey"]
[Result "1-0"]
[Board "253"]
[TimeControl "180+1"]
[WhiteFideId "16501632"]
[BlackFideId "2013029"]
[WhiteElo "2414"]
[BlackElo "2037"]
[WhiteTeam "MNE"]
[BlackTeam "USA"]
[WhiteClock "0:01:26"]
[BlackClock "0:00:56"]

1. d4 Nf6 2. c4 g6 3. Nc3 Bg7 4. e4 d6 5. Nge2 O-O 6. Ng3 c5 7. d5 e6 8. Be2 exd5 9. exd5 Re8 10. O-O h5 11. Bg5 Nbd7 12. Qd2 Qa5 13. h3 Nh7 14. Bf4 Ne5 15. Bh6 a6 16. Bxg7 Kxg7 17. f4 Nd7 18. f5 Ne5 19. Bxh5 gxh5 20. Nxh5+ Kh8 21. Qh6 Rg8 22. Nf6 Rg7 23. Nxh7 1-0

[Event "January 2 Early 2024"]
[Site "https://www.chess.com"]
[Date "2024.01.02"]
[Round "2"]
[White "Z_Chess6"]
[Black "Mazurkiewicz, Michal"]
[Result "0-1"]
[Board "254"]
[TimeControl "180+1"]
[BlackFideId "1124943"]
[WhiteElo "2031"]
[BlackElo "2413"]
[BlackTeam "POL"]
[WhiteClock "0:00:09"]
[BlackClock "0:00:18"]

1. d4 Nf6 2. c4 e5 3. dxe5 Ng4 4. Bf4 Nc6 5. Nf3 Bb4+ 6. Nbd2 Qe7 7. a3 Ngxe5 8. Nxe5 Nxe5 9. e3 Bc5 10. b4 Bd4 11. Rb1 d6 12. Be2 Ng6 13. Bg3 Be5 14. Bxe5 dxe5 15. O-O O-O 16. Qc2 a5 17. c5 axb4 18. axb4 Qh4 19. Nf3 Qf6 20. Bd3 Re8 21. Be4 c6 22. h3 Be6 23. Rfd1 h6 24. Rd6 Ne7 25. Qc3 Nf5 26. Rbd1 Nh4 27. Nxe5 Ra2 28. Nf3 Nxf3+ 29. Bxf3 Qxc3 30. Rd8 Rxd8 31. Rxd8+ Kh7 32. Rd1 Ra1 33. Rxa1 Qxa1+ 34. Kh2 0-1

[Event "January 2 Early 2024"]
[Site "https://www.chess.com"]
[Date "2024.01.02"]
[Round "2"]
[White "neri_gaite"]
[Black "Aadit Bhatia"]
[Result "0-1"]
[Board "255"]
[TimeControl "180+1"]
[BlackFideId "25088955"]
[WhiteElo "2020"]
[BlackElo "2411"]
[BlackTeam "IND"]
[WhiteClock "0:00:00"]
[BlackClock "0:00:49"]

1. d4 Nf6 2. c4 c5 3. d5 b5 4. cxb5 a6 5. bxa6 g6 6. Nc3 Bg7 7. e4 d6 8. Nf3 O-O 9. Bd3 Bxa6 10. O-O Qa5 11. Bxa6 Nxa6 12. Re1 Nd7 13. Bd2 Rfb8 14. Rb1 Nc7 15. a3 Qa6 16. Qe2 Nb5 17. Nxb5 Rxb5 18. Bg5 Kf8 19. Qc2 Rab8 20. Bc1 Nb6 21. Nd2 Na4 22. Nc4 Rb3 23. e5 Nc3 24. exd6 Qxc4 25. dxe7+ Ke8 26. Ra1 Qxd5 27. bxc3 Rxc3 28. Qe2 Rd3 29. Bf4 Bxa1 30. Bxb8 Bf6 31. Qb2 Bxb2 0-1

[Event "January 2 Early 2024"]
[Site "https://www.chess.com"]
[Date "2024.01.02"]
[Round "2"]
[White "VictMin"]
[Black "Marcziter, Dmitrii"]
[Result "1-0"]
[Board "256"]
[TimeControl "180+1"]
[BlackFideId "13900765"]
[WhiteElo "2016"]
[BlackElo "2408"]
[BlackTeam "GER"]
[WhiteClock "0:00:14"]
[BlackClock "0:00:05"]

1. Nf3 Nf6 2. d4 g6 3. Bg5 Bg7 4. Nbd2 d5 5. e3 O-O 6. Bd3 c5 7. c3 b6 8. Qe2 Bb7 9. O-O Nbd7 10. Rfe1 h6 11. Bh4 Rc8 12. Rad1 Re8 13. Bb5 g5 14. Bg3 Nh5 15. Be5 f6 16. Bg3 Nxg3 17. hxg3 e5 18. dxe5 fxe5 19. e4 d4 20. Qc4+ Kh8 21. Qf7 Re7 22. Qh5 Qe8 23. Qxe8+ Rcxe8 24. Nc4 a6 25. Bxd7 Rxd7 26. Nxb6 Rde7 27. c4 Bc6 28. Nd5 Rb7 29. b3 a5 30. Rb1 Reb8 31. Nd2 Kg8 32. Kf1 Kf7 33. Ke2 Ke6 34. Kd3 Bf8 35. f3 Bd6 36. g4 a4 37. bxa4 Bxa4 38. Rxb7 Rxb7 39. Rb1 Ra7 40. Rb2 Bc7 41. Nb3 Bd6 42. Nb6 Bc6 43. Nd5 Ba4 44. Rb1 Rh7 45. Na5 Ra7 46. Nb3 Be8 47. Rb2 h5 48. gxh5 Bxh5 49. g4 Be8 50. Rh2 Bf8 51. Rh8 Kf7 52. Rh7+ Bg7 53. Nxc5 Kg8 54. Rh2 Bf8 55. Nb3 Ba3 56. c5 Bc6 57. Nf6+ Kf7 58. Rh7+ Kxf6 59. Rxa7 Bb5+ 60. Kc2 Bc4 61. Rxa3 Ke6 62. Ra7 Be2 63. Nd2 d3+ 64. Kc3 Kf6 65. c6 Ke6 66. c7 Kd7 67. Kb4 Bd1 68. Kc5 Ba4 69. Kb6 Bc2 70. Ra8 1-0